 Dungeon Crawl Stone Soup version 0.31-a0-1620-gcbf77bbcfc (webtiles) character file.

Game seed: 8722085344193801427

67 Ivernyr the Shield-Bearer (level 4, -1/37 HPs)
             Began as a Formicid Fighter on Jan 11, 2024.
             Frozen to death by an endoplasm (3 damage)
             ... on level 2 of the Dungeon.
             The game lasted 00:02:26 (1182 turns).

Ivernyr the Shield-Bearer (Formicid Fighter)        Turns: 1182, Time: 00:02:26

Health: -1/37      AC:  8    Str: 22    XL:     4   Next: 40%
Magic:  4/4        EV:  9    Int:  8    God:
Gold:   54         SH:  5    Dex: 13    Spells: 3/3 levels left

rFire   . . .        a - +0 quarterstaff
rCold   . . .        c - +0 buckler
rNeg    . . .        b - +0 scale mail
rPois   .            (helmet unavailable)
rElec   .            j - +0 cloak
rCorr   .            (no gloves)
SInv    +            (no boots)
Will    .....        (no amulet) Stlth
                     (no ring)
HPRegen 0.26/turn    (no ring)
MPRegen 0.09/turn

%: no passive effects
@: no status effects
A: permanent stasis, dig shafts and tunnels, antennae 3, four strong arms
a: Dig, Shaft Self


You were on level 2 of the Dungeon.
You visited 1 branch of the dungeon, and saw 2 of its levels.

You collected 54 gold pieces.

Inventory:

Hand Weapons
 a - a +0 quarterstaff (weapon)
Armour
 b - a +0 scale mail (worn)
 c - a +0 buckler (worn)
 j - a +0 cloak (worn)
Jewellery
 f - a +6 ring of intelligence
Scrolls
 e - a scroll of blinking {unknown}
 g - a scroll of vulnerability {unknown}
 h - a scroll of acquirement {unknown}
 k - 2 scrolls of identify {unknown}
 m - a scroll of enchant armour {unknown}
 n - a scroll of silence {unknown}
 o - a scroll of enchant weapon {unknown}
Potions
 d - a potion of might
 i - a potion of brilliance {unknown}
 l - 2 potions of degeneration {unknown}


   Skills:
 + Level 3.8 Fighting
 * Level 3.1 Staves
 + Level 3.8 Armour
 + Level 4.6 Shields


You had 3 spell levels left.
You didn't know any spells.
Your spell library was empty.

Dungeon Overview and Level Annotations

Branches:
Dungeon (2/15)

Altars:
Cheibriados

Annotations:
D:2 Natasha


Innate Abilities, Weirdness & Mutations

You cannot be hasted, slowed, berserked, paralysed or teleported.
You can dig through walls and to a lower floor.
You have a pair of large antennae on your head. (SInv)
Your four strong arms can wield two-handed weapons with a shield.


Message History

You hit Natasha.
Natasha is lightly wounded.
The cerulean imp hits you but does no damage.
Natasha claws you but does no damage.
The endoplasm hits you but does no damage.
The cerulean imp barely misses you.
You hit Natasha but do no damage.
Natasha is lightly wounded.
Natasha claws you! The endoplasm freezes you.
You are frozen.
The cerulean imp barely misses you. Natasha claws you.
* * * LOW HITPOINT WARNING * * *
You completely miss Natasha.
The endoplasm hits you but does no damage.
The cerulean imp barely misses you. You block Natasha's attack.
You sock Natasha!
Natasha is heavily wounded.
The endoplasm freezes you.
You are frozen.
* * * LOW HITPOINT WARNING * * *
The cerulean imp barely misses you.
Natasha wildly gestures.
Natasha's front paws start to glow.
You block Natasha's attack.
You closely miss Natasha.
Natasha is heavily wounded.
The endoplasm freezes you.
You are frozen.
* * * LOW HITPOINT WARNING * * *
The cerulean imp hits you from afar with a +0 spear.
* * * LOW HITPOINT WARNING * * *
Natasha claws you.
* * * LOW HITPOINT WARNING * * *
The endoplasm hits you but does no damage.
You hit Natasha but do no damage.
Natasha is heavily wounded.
You block the cerulean imp's attack. Natasha closely misses you.
The endoplasm freezes you.
You are frozen.
You die...

############ ###..
.......# #### ...).
...#.# ..<.. ###
[##...####.#.###......
##..
..............@J5..)..
#####...
#...#.##.....h......
.......
#...........##......
###..... #..##.##.#.##
...... ........ #.
#.##.#.#
......###.....
#..##.##.#.#
.$............
.##..#...#.#.#
...####......
.......#...#.# .#.#
#.###.# ###..#.......#
#.# #.#


You could see Natasha, a cerulean imp (summoned) and an endoplasm.

Vanquished Creatures
  Natasha (D:2)
  An adder (D:2)
  3 ribbon worms (D:2)
  3 ball pythons
  An endoplasm (D:2)
  2 hobgoblins (D:1)
  4 jackals
  3 kobolds (D:1)
  A quokka (D:2)
  4 bats
  4 goblins
  A rat (D:2)
28 creatures vanquished.

Notes
Turn   | Place    | Note
-------+----------+-------------------------------------------
     0 | D:1      | Ivernyr the Formicid Fighter began the quest for the Orb.
     0 | D:1      | Reached XP level 1. HP: 18/18 MP: 1/1
   170 | D:1      | Reached XP level 2. HP: 21/24 MP: 2/2
   749 | D:2      | Reached XP level 3. HP: 27/29 MP: 3/3
   804 | D:2      | Noticed Natasha
   812 | D:2      | Killed Natasha
   813 | D:2      | Reached XP level 4. HP: 28/37 MP: 4/4
   856 | D:2      | Found a snail-covered altar of Cheibriados.
  1169 | D:2      | Noticed Natasha
  1182 | D:2      | Frozen to death by an endoplasm

Illustrated notes

Levels and vault maps discovered:
D:1:      minmay_arrival_split_and_join, layout_loops_ring
D:2:      cheibrodos_old_hovel, layout_loops_ring, basic_altar, uniq_natasha

Skill      XL: |  1  2  3 |
---------------+----------+-----
Staves         | 3 |  3.1
Fighting       | |  3.8
Armour         | |  3.8
Shields        | |  4.6

Action                     |  1- 3 |  4- 6 || total
---------------------------+-------+-------++-------
  Melee: Quarterstaff      |    67 |    35 ||   102
 Armour: Scale mail        |    45 |    29 ||    74
  Dodge: Dodged            |    37 |    18 ||    55
  Block: Buckler           |    18 |     9 ||    27

Table legend: (Time is in decaauts)
 A = Elapsed time spent in this place.
 B = Non-inter-level travel time spent in this place.
 C = Inter-level travel time spent in this place.
 D = Time resting spent in this place.
 E = Time spent auto-exploring this place.
 F = Levels seen in this place.
 G = Mean time per level.
                   A        B        C        D        E       F      G
               +--------+--------+--------+--------+--------+-----+--------+
         Total |   1200 |   1188 |     12 |     32 |    876 |   2 |  600.0 |
       Dungeon |   1200 |   1188 |     12 |     32 |    876 |   2 |  600.0 |
               +--------+--------+--------+--------+--------+-----+--------+

Top non-repeatable levels by time:
     D:1: 706 daAuts
     D:2: 494 daAuts
